VANCOUVER Canucks vs LOS ANGELES Kings

Created - 29 mars 2024 at 10:18

Goals
1 2 3 T
VANCOUVER Canucks 3 0 1 4
LOS ANGELES Kings 2 0 0 2
Shots
1 2 3 T
VANCOUVER Canucks 10 3 2 15
LOS ANGELES Kings 9 8 12 29

1st period

1. VANCOUVER Canucks , Matt Boldy 25 (Mikhail Sergachev 50, Josh Norris 14) at 0:36
2. VANCOUVER Canucks , Jake McCabe 19 (Mikhail Sergachev 51, Jake Oettinger) at 2:59 (PP)
3. LOS ANGELES Kings , Dawson Mercer 23 (Hampus Lindholm 37, Mark Stone 13) at 5:20
4. VANCOUVER Canucks , Mikhail Sergachev 14 (Matt Boldy 28, Jake McCabe 39) at 12:23 (PP)
5. LOS ANGELES Kings , Pierre Engvall 3 (Drew Doughty 30, Rasmus Andersson 42) at 16:09

Penalties :
Hampus Lindholm (LAK) for Holding (Minor) at 1:01, Marcus Pettersson (LAK) for Tripping (Minor) at 11:25

2nd period

No Goal

Penalties :
Anze Kopitar (LAK) for Roughing (Minor) at 0:39, Nils Lundkvist (VAN) for Charging (Minor) at 2:54, Radim Simek (VAN) for Roughing (Minor) at 8:52, Jake McCabe (VAN) for Hooking (Minor) at 17:04

3rd period

6. VANCOUVER Canucks , Bryan Little 6 (Matt Boldy 29, Christopher Tanev 41) at 10:28

Penalties :
Pierre Engvall (LAK) for Slashing (Minor) at 8:34, Jakob Silfverberg (VAN) for Tripping (Minor) at 8:34, Radim Simek (VAN) for Tripping (Minor) at 12:13

Goalie Stats

Jake Oettinger (VAN), 27 saves from 29 shots - (0,931), W, 32-29-3, 60:00 minutes
Vitek Vanecek (LAK), 11 saves from 15 shots - (0,733), L, 25-27-2, 60:00 minutes

Players Stats for VANCOUVER Canucks

Player Name              G  A  P  +/- PIM S  H  SB GA TA FO     MP     PP MP  PK MP  
------------------------------------------------------------------------------------
Bryan Little             1  0  1   1  0   2  0  0  0  0  6/9    10:01   0:00   3:29 
Christopher Tanev        0  1  1   1  0   1  2  1  0  0  0/0    22:36   2:43   5:51 
Jake McCabe              1  1  2   0  2   1  3  0  0  0  0/0    22:50   2:12   3:59 
Jakob Silfverberg        0  0  0   0  2   1  2  1  0  0  1/1    21:51   2:12   4:56 
Josh Norris              0  1  1   0  0   1  0  0  0  0  7/21   17:33   2:12   0:37 
Juuso Parssinen          0  0  0   0  0   0  1  0  0  0  3/5     9:14   0:00   0:00 
Mark Kastelic            0  0  0   0  0   1  3  0  0  0  3/8     6:17   0:00   0:00 
Mason Appleton           0  0  0  -1  0   0  2  0  0  0  0/0    17:38   2:43   0:00 
Matt Boldy               1  2  3   1  0   2  4  0  0  0  1/1    19:30   2:12   2:19 
Mikhail Sergachev        1  2  3   0  0   3  0  1  0  0  0/0    24:29   2:12   3:45 
Nils Lundkvist           0  0  0  -1  2   0  5  2  0  0  0/0    15:17   0:00   0:00 
Philip Tomasino          0  0  0  -1  0   2  1  0  0  0  1/1    17:38   2:43   0:00 
Radim Simek              0  0  0   1  4   0  2  1  0  0  0/0    19:11   2:43   2:02 
Shane Pinto              0  0  0  -1  0   0  0  1  0  0  4/12   17:38   2:43   0:00 
Stefan Noesen            0  0  0   0  0   1  0  0  0  0  0/0     8:24   0:00   0:23 
Teddy Blueger            0  0  0   0  0   0  0  0  0  0  0/0     9:14   0:00   0:00 
Tyler Pitlick            0  0  0   0  0   0  0  0  0  0  4/10   15:06   0:00   4:08 
Victor Mete              0  0  0  -1  0   0  0  4  0  0  0/0    15:33   0:00   0:15 

Players Stats for LOS ANGELES Kings

Player Name              G  A  P  +/- PIM S  H  SB GA TA FO     MP     PP MP  PK MP  
------------------------------------------------------------------------------------
Anze Kopitar             0  0  0  -1  2   3  1  0  0  0  15/29  24:16   3:05   1:03 
Calle Rosen              0  0  0   0  0   0  1  0  0  0  0/0    16:31   4:51   0:19 
Carl Grundstrom          0  0  0   0  0   2  1  0  0  0  0/0    12:41   0:00   0:00 
Dawson Mercer            1  0  1   1  0   2  1  0  0  0  13/20  22:18   4:51   3:13 
Dominik Kubalik          0  0  0  -1  0   1  2  0  0  0  1/1    18:40   4:51   0:00 
Drew Doughty             0  1  1  -1  0   1  2  0  0  0  0/0    24:51   3:05   2:36 
Hampus Lindholm          0  1  1   1  2   3  1  3  0  0  0/0    23:03   4:51   1:35 
Joel Kiviranta           0  0  0   1  0   0  0  0  0  0  0/0     5:16   0:00   0:00 
Jonathan Huberdeau       0  0  0   1  0   2  3  0  0  0  0/1    17:19   3:05   0:00 
Marc Staal               0  0  0   1  0   1  4  3  0  0  0/0    18:10   0:00   2:40 
Marcus Pettersson        0  0  0   0  2   1  3  0  0  0  0/0    11:20   0:00   0:00 
Mark Stone               0  1  1   1  0   1  0  0  0  0  0/1    18:15   4:51   0:00 
Mitchell Marner          0  0  0  -2  0   4  1  0  0  0  1/2    19:45   3:05   1:42 
Oskar Sundqvist          0  0  0   0  0   2  1  0  0  0  6/12   13:25   0:00   0:39 
Parker Kelly             0  0  0   0  0   0  0  0  0  0  0/0     0:00   0:00   0:00 
Pierre Engvall           1  0  1   1  2   2  0  1  0  0  1/1     8:28   0:00   3:13 
Rasmus Andersson         0  1  1  -1  0   3  3  1  0  0  0/0    26:03   3:05   2:40 
Rem Pitlick              0  0  0   0  0   1  2  0  0  0  1/1    12:41   0:00   0:00 

3 Stars

1 - Matt Boldy (VAN)
2 - Mikhail Sergachev (VAN)
3 - Jake McCabe (VAN)

Power Play

VANCOUVER Canucks - 2 on 3 Attempt(s) - 66,67%
LOS ANGELES Kings - 0 on 4 Attempt(s) - 0,00%

Penalty Kill

VANCOUVER Canucks - 4 on 4 Attempt(s) - 100,00% - Score 0 goal in Penalty Kill
LOS ANGELES Kings - 1 on 3 Attempt(s) - 33,33% - Score 0 goal in Penalty Kill

Team Stat

VANCOUVER Canucks - Hits : 25 - Faceoff Wins : 30 - Blocked Shots : 11 - Penalty Minutes : 10
LOS ANGELES Kings - Hits : 26 - Faceoff Wins : 38 - Blocked Shots : 8 - Penalty Minutes : 8

Official

Referees : Cody Beach and T.J. Luxmore
Linesman : Jenni Heikkinen and Ryan Galloway

Game Notes

No Game Note

Finance

Level 1 -- Attendance: 5855 (83,64%) -- Ticket Income $573,790
Level 2 -- Attendance: 4111 (82,22%) -- Ticket Income $246,660
Level 3 -- Attendance: 2224 (88,96%) -- Ticket Income $77,840
Level 4 -- Attendance: 4322 (86,44%) -- Ticket Income $86,440
Luxury Box -- Attendance: 865 (86,50%) -- Ticket Income $173,000
Game was played at the Staples Center.
Total Attendance: 17377 (84,77%)
Total Ticket Income: $1,157,730
Other Income: $289,432
Total Income: $1,447,162

VANCOUVER Canucks

5 vs 5 Forward 
   Center                   Left Wing                Right Wing               Time % Phy DF OF 
 1 Josh Norris              Matt Boldy               Jakob Silfverberg        40     1   2  2  
 2 Shane Pinto              Philip Tomasino          Mason Appleton           30     1   2  2  
 3 Juuso Parssinen          Teddy Blueger            Tyler Pitlick            20     1   2  2  
 4 Mark Kastelic            Stefan Noesen            Bryan Little             10     1   2  2  

5 vs 5 Defense 
   Defense                  Defense                                           Time % Phy DF OF 
 1 Mikhail Sergachev        Jake McCabe                                       40     1   2  2  
 2 Christopher Tanev        Radim Simek                                       30     1   2  2  
 3 Nils Lundkvist           Victor Mete                                       20     1   2  2  
 4 Mikhail Sergachev        Christopher Tanev                                 10     1   2  2  

PowerPlay Forward 
   Center                   Left Wing                Right Wing               Time % Phy DF OF 
 1 Josh Norris              Matt Boldy               Jakob Silfverberg        60     1   2  2  
 2 Shane Pinto              Philip Tomasino          Mason Appleton           40     1   2  2  

PowerPlay Defense
   Defense                  Defense                                           Time % Phy DF OF 
 1 Mikhail Sergachev        Jake McCabe                                       60     1   2  2  
 2 Christopher Tanev        Radim Simek                                       40     1   2  2  

Penalty Kill 4 Players Forward 
   Center                   Wing                     Time % Phy DF OF 
 1 Tyler Pitlick            Jakob Silfverberg        60     1   2  2  
 2 Bryan Little             Matt Boldy               40     1   2  2  

Penalty Kill 4 Players Defense
   Defense                  Defense                  Time % Phy DF OF 
 1 Mikhail Sergachev        Jake McCabe              60     1   2  2  
 2 Christopher Tanev        Radim Simek              40     1   2  2  

Penalty Kill - 3 Players Forward 
   Forward                                           Time % Phy DF OF 
 1 Jakob Silfverberg                                 60     1   2  2  
 2 Bryan Little                                      40     1   2  2  

Penalty Kill - 3 Players Defense
   Defense                  Defense                  Time % Phy DF OF 
 1 Mikhail Sergachev        Nils Lundkvist           60     1   2  2  
 2 Christopher Tanev        Radim Simek              40     1   2  2  

4 vs 4 Forward 
   Center                   Wing                     Time % Phy DF OF 
 1 Tyler Pitlick            Jakob Silfverberg        60     1   2  2  
 2 Bryan Little             Matt Boldy               40     1   2  2  

4 vs 4 Defense
   Defense                  Defense                  Time % Phy DF OF 
 1 Jake McCabe              Mikhail Sergachev        60     1   2  2  
 2 Christopher Tanev        Radim Simek              40     1   2  2  

Last Minutes Offensive
   Center                   Left Wing                Right Wing               Defense                  Defense                  
   Matt Boldy               Jakob Silfverberg        Bryan Little             Mikhail Sergachev        Jake McCabe              

Last Minutes Defensive
   Center                   Left Wing                Right Wing               Defense                  Defense                  
   Matt Boldy               Jakob Silfverberg        Bryan Little             Mikhail Sergachev        Jake McCabe              

Goaltenders
Starting : Jake Oettinger           
Backup : Martin Jones             

Extra Forwards
Normal : Bryan Little, Tyler Pitlick, Jakob Silfverberg - PP : Bryan Little, Tyler Pitlick - PK : Bryan Little
Extra Defensemen
Normal : Christopher Tanev, Radim Simek, Victor Mete - PP : Christopher Tanev - PK : Christopher Tanev, Radim Simek
Penalty Shots
Tyler Pitlick, Jakob Silfverberg, Bryan Little, Teddy Blueger, Shane Pinto

Scratches
None

LOS ANGELES Kings

5 vs 5 Forward 
   Center                   Left Wing                Right Wing               Time % Phy DF OF 
 1 Anze Kopitar             Dominik Kubalik          Mitchell Marner          40     1   2  2  
 2 Dawson Mercer            Jonathan Huberdeau       Mark Stone               30     1   2  2  
 3 Oskar Sundqvist          Carl Grundstrom          Rem Pitlick              20     2   2  1  
 4 Anze Kopitar             Pierre Engvall           Joel Kiviranta           10     1   2  2  

5 vs 5 Defense 
   Defense                  Defense                                           Time % Phy DF OF 
 1 Drew Doughty             Rasmus Andersson                                  40     1   2  2  
 2 Marc Staal               Hampus Lindholm                                   30     1   2  2  
 3 Marcus Pettersson        Calle Rosen                                       20     1   2  2  
 4 Hampus Lindholm          Rasmus Andersson                                  10     1   2  2  

PowerPlay Forward 
   Center                   Left Wing                Right Wing               Time % Phy DF OF 
 1 Anze Kopitar             Jonathan Huberdeau       Mitchell Marner          60     1   1  3  
 2 Dawson Mercer            Dominik Kubalik          Mark Stone               40     1   1  3  

PowerPlay Defense
   Defense                  Defense                                           Time % Phy DF OF 
 1 Drew Doughty             Rasmus Andersson                                  60     1   2  2  
 2 Calle Rosen              Hampus Lindholm                                   40     1   2  2  

Penalty Kill 4 Players Forward 
   Center                   Wing                     Time % Phy DF OF 
 1 Dawson Mercer            Pierre Engvall           60     1   3  1  
 2 Anze Kopitar             Mitchell Marner          40     1   3  1  

Penalty Kill 4 Players Defense
   Defense                  Defense                  Time % Phy DF OF 
 1 Drew Doughty             Rasmus Andersson         60     1   2  2  
 2 Hampus Lindholm          Marc Staal               40     1   2  2  

Penalty Kill - 3 Players Forward 
   Forward                                           Time % Phy DF OF 
 1 Dawson Mercer                                     60     1   3  1  
 2 Anze Kopitar                                      40     1   3  1  

Penalty Kill - 3 Players Defense
   Defense                  Defense                  Time % Phy DF OF 
 1 Drew Doughty             Rasmus Andersson         60     1   2  2  
 2 Marc Staal               Hampus Lindholm          40     1   2  2  

4 vs 4 Forward 
   Center                   Wing                     Time % Phy DF OF 
 1 Anze Kopitar             Mitchell Marner          60     1   2  2  
 2 Dawson Mercer            Jonathan Huberdeau       40     1   2  2  

4 vs 4 Defense
   Defense                  Defense                  Time % Phy DF OF 
 1 Drew Doughty             Rasmus Andersson         60     1   2  2  
 2 Marc Staal               Hampus Lindholm          40     1   2  2  

Last Minutes Offensive
   Center                   Left Wing                Right Wing               Defense                  Defense                  
   Anze Kopitar             Jonathan Huberdeau       Mitchell Marner          Drew Doughty             Hampus Lindholm          

Last Minutes Defensive
   Center                   Left Wing                Right Wing               Defense                  Defense                  
   Anze Kopitar             Jonathan Huberdeau       Mitchell Marner          Drew Doughty             Rasmus Andersson         

Goaltenders
Starting : Vitek Vanecek            
Backup : Kaapo Kahkonen           

Extra Forwards
Normal : Anze Kopitar, Mitchell Marner, Jonathan Huberdeau - PP : Anze Kopitar, Mitchell Marner - PK : Mitchell Marner
Extra Defensemen
Normal : Marcus Pettersson, Drew Doughty, Rasmus Andersson - PP : Marcus Pettersson - PK : Drew Doughty, Rasmus Andersson
Penalty Shots
Mitchell Marner, Jonathan Huberdeau, Mark Stone, Anze Kopitar, Dawson Mercer

Scratches
None


% Time on Ice - VANCOUVER Canucks

Lines # - Real PCT - Wanted PCT - Time Play
Normal Forward
1 - 33% - 40% - 14:44
2 - 33% - 30% - 14:55
3 - 20% - 20% - 9:14
4 - 14% - 10% - 6:17
Normal Defense
1 - 36% - 40% - 16:15
2 - 26% - 30% - 11:58
3 - 34% - 20% - 15:18
4 - 4% - 10% - 1:39
PP Forward
1 - 45% - 60% - 2:12
2 - 55% - 40% - 2:43
PP Defense
1 - 45% - 60% - 2:12
2 - 55% - 40% - 2:43
PK Forward
1 - 71% - 60% - 5:37
2 - 29% - 40% - 2:19
PK Defense
1 - 39% - 60% - 3:04
2 - 61% - 40% - 4:52
PK3 Forward
1 - 0% - 60%
2 - 0% - 40%
PK3 Defense
1 - 0% - 60%
2 - 0% - 40%
44 Forward
1 - 87% - 60% - 1:44
2 - 13% - 40% - 0:15
44 Defense
1 - 87% - 60% - 1:44
2 - 13% - 40% - 0:15
Last Minute Offensive  - 0:00
Last Minute Defensive  - 0:00
Total
Forward - 60:00
Defense - 60:00

% Time on Ice - LOS ANGELES Kings

Lines # - Real PCT - Wanted PCT - Time Play
Normal Forward
1 - 31% - 40% - 13:49
2 - 30% - 30% - 13:24
3 - 28% - 20% - 12:41
4 - 12% - 10% - 5:16
Normal Defense
1 - 40% - 40% - 18:06
2 - 32% - 30% - 14:35
3 - 25% - 20% - 11:21
4 - 3% - 10% - 1:08
PP Forward
1 - 39% - 60% - 3:05
2 - 61% - 40% - 4:51
PP Defense
1 - 39% - 60% - 3:05
2 - 61% - 40% - 4:51
PK Forward
1 - 65% - 60% - 3:13
2 - 35% - 40% - 1:42
PK Defense
1 - 46% - 60% - 2:15
2 - 54% - 40% - 2:40
PK3 Forward
1 - 0% - 60%
2 - 0% - 40%
PK3 Defense
1 - 0% - 60%
2 - 0% - 40%
44 Forward
1 - 58% - 60% - 1:09
2 - 42% - 40% - 0:50
44 Defense
1 - 54% - 60% - 1:04
2 - 46% - 40% - 0:55
Last Minute Offensive  - 0:00
Last Minute Defensive  - 0:00
Total
Forward - 60:00
Defense - 60:00

Play-by-Play

1st period


0:01 of 1st period - Josh Norris wins face-off versus Anze Kopitar in neutral zone.
0:23 of 1st period - Jake McCabe is hit by Rasmus Andersson and loses puck.
0:36 of 1st period - Shot by Matt Boldy.
0:36 of 1st period - Goal by Matt Boldy - VANCOUVER Canucks : 1 - LOS ANGELES Kings : 0.
0:37 of 1st period - Shane Pinto wins face-off versus Mark Stone in neutral zone.
0:37 of 1st period - Shane Pinto is hit by Jonathan Huberdeau.
1:01 of 1st period - Minor Penalty to Hampus Lindholm for Holding.
1:02 of 1st period - Dawson Mercer wins face-off versus Josh Norris in LOS ANGELES Kings zone.
1:02 of 1st period - Drew Doughty is hit by Matt Boldy and loses puck.
1:07 of 1st period - Shot by Jake McCabe.
1:07 of 1st period - Shot Misses the Net.
1:13 of 1st period - Shot by Mikhail Sergachev.
1:13 of 1st period - Shot Misses the Net.
1:15 of 1st period - Shot by Mikhail Sergachev.
1:15 of 1st period - Stopped by Vitek Vanecek without a rebound.
1:16 of 1st period - Philip Tomasino wins face-off versus Anze Kopitar in LOS ANGELES Kings zone.
1:16 of 1st period - Mason Appleton is hit by Marc Staal and loses puck.
1:43 of 1st period - Shot by Dawson Mercer.
1:43 of 1st period - Shot Misses the Net.
2:25 of 1st period - Off-side.
2:26 of 1st period - Josh Norris wins face-off versus Mitchell Marner in neutral zone.
2:35 of 1st period - Shot by Jakob Silfverberg.
2:35 of 1st period - Stopped by Vitek Vanecek without a rebound.
2:36 of 1st period - Dawson Mercer wins face-off versus Josh Norris in LOS ANGELES Kings zone.
2:36 of 1st period - Dawson Mercer is hit by Jakob Silfverberg.
2:59 of 1st period - Shot by Jake McCabe.
2:59 of 1st period - Goal by Jake McCabe - VANCOUVER Canucks : 2 - LOS ANGELES Kings : 0.
3:00 of 1st period - Juuso Parssinen wins face-off versus Oskar Sundqvist in neutral zone.
3:34 of 1st period - Teddy Blueger is hit by Rem Pitlick and loses puck.
4:56 of 1st period - Shot by Mark Stone.
4:56 of 1st period - Shot Misses the Net.
5:08 of 1st period - Shot by Dawson Mercer.
5:08 of 1st period - Shot Blocked by Mikhail Sergachev.
5:10 of 1st period - Shot by Marc Staal.
5:10 of 1st period - Shot Misses the Net.
5:20 of 1st period - Shot by Dawson Mercer.
5:20 of 1st period - Goal by Dawson Mercer - VANCOUVER Canucks : 2 - LOS ANGELES Kings : 1.
5:21 of 1st period - Rem Pitlick wins face-off versus Shane Pinto in neutral zone.
6:25 of 1st period - Icing by Rasmus Andersson.
6:26 of 1st period - Jakob Silfverberg wins face-off versus Anze Kopitar in LOS ANGELES Kings zone.
6:29 of 1st period - Shot by Matt Boldy.
6:29 of 1st period - Shot Misses the Net.
6:53 of 1st period - Shot by Mitchell Marner.
6:53 of 1st period - Shot Misses the Net.
6:55 of 1st period - Shot by Rasmus Andersson.
6:55 of 1st period - Stopped by Jake Oettinger without a rebound.
6:56 of 1st period - Dawson Mercer wins face-off versus Bryan Little in VANCOUVER Canucks zone.
7:03 of 1st period - Stefan Noesen is hit by Dawson Mercer and loses puck.
7:16 of 1st period - Shot by Stefan Noesen.
7:16 of 1st period - Shot Blocked by Hampus Lindholm.
7:22 of 1st period - Shot by Bryan Little.
7:22 of 1st period - Deflect By Stefan Noesen.
7:22 of 1st period - Shot Misses the Net.
7:24 of 1st period - Shot by Mark Kastelic.
7:24 of 1st period - Shot Misses the Net.
7:26 of 1st period - Shot by Mikhail Sergachev.
7:26 of 1st period - Stopped by Vitek Vanecek with a rebound.
7:28 of 1st period - Shot by Mark Kastelic.
7:28 of 1st period - Stopped by Vitek Vanecek without a rebound.
7:29 of 1st period - Josh Norris wins face-off versus Anze Kopitar in LOS ANGELES Kings zone.
9:02 of 1st period - Shot by Dawson Mercer.
9:02 of 1st period - Shot Misses the Net.
9:04 of 1st period - Shot by Hampus Lindholm.
9:04 of 1st period - Shot Blocked by Nils Lundkvist.
9:08 of 1st period - Shot by Dawson Mercer.
9:08 of 1st period - Deflect By Jonathan Huberdeau.
9:08 of 1st period - Shot Blocked by Victor Mete.
9:10 of 1st period - Shot by Jonathan Huberdeau.
9:10 of 1st period - Stopped by Jake Oettinger without a rebound.
9:11 of 1st period - Mark Kastelic wins face-off versus Oskar Sundqvist in VANCOUVER Canucks zone.
9:23 of 1st period - Off-side.
9:24 of 1st period - Anze Kopitar wins face-off versus Josh Norris in neutral zone.
9:33 of 1st period - Shot by Anze Kopitar.
9:33 of 1st period - Shot Misses the Net.
9:38 of 1st period - Mikhail Sergachev is hit by Calle Rosen and loses puck.
9:48 of 1st period - Off-side.
9:49 of 1st period - Dawson Mercer wins face-off versus Mark Kastelic in neutral zone.
10:26 of 1st period - Icing by Jonathan Huberdeau.
10:27 of 1st period - Dawson Mercer wins face-off versus Josh Norris in LOS ANGELES Kings zone.
10:27 of 1st period - Jonathan Huberdeau is hit by Matt Boldy and loses puck.
10:31 of 1st period - Icing by Hampus Lindholm.
10:32 of 1st period - Josh Norris wins face-off versus Jonathan Huberdeau in LOS ANGELES Kings zone.
10:49 of 1st period - Shot by Mark Stone.
10:49 of 1st period - Shot Misses the Net.
10:51 of 1st period - Shot by Jonathan Huberdeau.
10:51 of 1st period - Stopped by Jake Oettinger without a rebound.
10:52 of 1st period - Anze Kopitar wins face-off versus Shane Pinto in VANCOUVER Canucks zone.
10:57 of 1st period - Shot by Anze Kopitar.
10:57 of 1st period - Stopped by Jake Oettinger without a rebound.
10:58 of 1st period - Anze Kopitar wins face-off versus Josh Norris in VANCOUVER Canucks zone.
11:22 of 1st period - Mikhail Sergachev is hit by Dominik Kubalik.
11:25 of 1st period - Minor Penalty to Marcus Pettersson for Tripping.
11:26 of 1st period - Dawson Mercer wins face-off versus Shane Pinto in LOS ANGELES Kings zone.
11:41 of 1st period - Shot by Christopher Tanev.
11:41 of 1st period - Shot Blocked by Marc Staal.
11:49 of 1st period - Shot by Radim Simek.
11:49 of 1st period - Shot Blocked by Marc Staal.
11:51 of 1st period - Shot by Radim Simek.
11:51 of 1st period - Shot Blocked by Hampus Lindholm.
11:53 of 1st period - Shot by Radim Simek.
11:53 of 1st period - Shot Misses the Net.
11:55 of 1st period - Shot by Philip Tomasino.
11:55 of 1st period - Stopped by Vitek Vanecek with a rebound.
11:57 of 1st period - Shot by Christopher Tanev.
11:57 of 1st period - Stopped by Vitek Vanecek without a rebound.
11:58 of 1st period - Matt Boldy wins face-off versus Dawson Mercer in LOS ANGELES Kings zone.
11:59 of 1st period - Shot by Jake McCabe.
11:59 of 1st period - Shot Blocked by Pierre Engvall.
12:23 of 1st period - Shot by Mikhail Sergachev.
12:23 of 1st period - Goal by Mikhail Sergachev - VANCOUVER Canucks : 3 - LOS ANGELES Kings : 1.
12:24 of 1st period - Oskar Sundqvist wins face-off versus Juuso Parssinen in neutral zone.
12:24 of 1st period - Oskar Sundqvist is hit by Juuso Parssinen.
12:28 of 1st period - Shot by Rem Pitlick.
12:28 of 1st period - Shot Misses the Net.
12:33 of 1st period - Off-side.
12:34 of 1st period - Anze Kopitar wins face-off versus Shane Pinto in neutral zone.
13:51 of 1st period - Shot by Matt Boldy.
13:51 of 1st period - Stopped by Vitek Vanecek without a rebound.
13:52 of 1st period - Juuso Parssinen wins face-off versus Dawson Mercer in LOS ANGELES Kings zone.
14:30 of 1st period - Shot by Teddy Blueger.
14:30 of 1st period - Shot Misses the Net.
15:37 of 1st period - Icing by Jake McCabe.
15:38 of 1st period - Mark Kastelic wins face-off versus Oskar Sundqvist in VANCOUVER Canucks zone.
15:59 of 1st period - Shot by Carl Grundstrom.
15:59 of 1st period - Shot Misses the Net.
16:01 of 1st period - Shot by Marc Staal.
16:01 of 1st period - Stopped by Jake Oettinger without a rebound.
16:02 of 1st period - Anze Kopitar wins face-off versus Shane Pinto in VANCOUVER Canucks zone.
16:09 of 1st period - Shot by Pierre Engvall.
16:09 of 1st period - Goal by Pierre Engvall - VANCOUVER Canucks : 3 - LOS ANGELES Kings : 2.
16:10 of 1st period - Anze Kopitar wins face-off versus Josh Norris in neutral zone.
16:17 of 1st period - Shot by Hampus Lindholm.
16:17 of 1st period - Shot Misses the Net.
18:05 of 1st period - Shot by Carl Grundstrom.
18:05 of 1st period - Stopped by Jake Oettinger with a rebound.
18:07 of 1st period - Shot by Marcus Pettersson.
18:07 of 1st period - Shot Blocked by Nils Lundkvist.
19:18 of 1st period - Shot by Joel Kiviranta.
19:18 of 1st period - Shot Misses the Net.
19:20 of 1st period - Shot by Pierre Engvall.
19:20 of 1st period - Stopped by Jake Oettinger with a rebound.
19:22 of 1st period - Shot by Pierre Engvall.
19:22 of 1st period - Shot Blocked by Radim Simek.
19:27 of 1st period - Anze Kopitar is hit by Radim Simek and loses puck.
19:40 of 1st period - Rasmus Andersson is hit by Mark Kastelic and loses puck.
19:52 of 1st period - Dawson Mercer is hit by Mark Kastelic and loses puck.
Goals for this period are 3 for VANCOUVER Canucks vs 2 for LOS ANGELES Kings.
Shots for this period are 10 for VANCOUVER Canucks vs 9 for LOS ANGELES Kings.

2nd period


0:01 of 2nd period - Anze Kopitar wins face-off versus Josh Norris in neutral zone.
0:01 of 2nd period - Anze Kopitar is hit by Matt Boldy.
0:17 of 2nd period - Anze Kopitar is hit by Jakob Silfverberg and loses puck.
0:21 of 2nd period - Rasmus Andersson is hit by Matt Boldy and loses puck.
0:39 of 2nd period - Minor Penalty to Anze Kopitar for Roughing.
0:40 of 2nd period - Pierre Engvall wins face-off versus Shane Pinto in LOS ANGELES Kings zone.
0:49 of 2nd period - Shot by Mason Appleton.
0:49 of 2nd period - Shot Misses the Net.
0:51 of 2nd period - Shot by Philip Tomasino.
0:51 of 2nd period - Stopped by Vitek Vanecek without a rebound.
0:52 of 2nd period - Shane Pinto wins face-off versus Dawson Mercer in LOS ANGELES Kings zone.
1:04 of 2nd period - Philip Tomasino is hit by Marc Staal and loses puck.
1:22 of 2nd period - Shane Pinto is hit by Drew Doughty and loses puck.
2:54 of 2nd period - Minor Penalty to Nils Lundkvist for Charging.
2:55 of 2nd period - Anze Kopitar wins face-off versus Tyler Pitlick in VANCOUVER Canucks zone.
3:02 of 2nd period - Shot by Rasmus Andersson.
3:02 of 2nd period - Stopped by Jake Oettinger without a rebound.
3:03 of 2nd period - Dawson Mercer wins face-off versus Tyler Pitlick in VANCOUVER Canucks zone.
3:42 of 2nd period - Shot by Hampus Lindholm.
3:42 of 2nd period - Stopped by Jake Oettinger without a rebound.
3:43 of 2nd period - Tyler Pitlick wins face-off versus Anze Kopitar in VANCOUVER Canucks zone.
3:43 of 2nd period - Tyler Pitlick is hit by Anze Kopitar.
3:53 of 2nd period - Matt Boldy is hit by Jonathan Huberdeau and loses puck.
4:12 of 2nd period - Shot by Anze Kopitar.
4:12 of 2nd period - Stopped by Jake Oettinger with a rebound.
4:14 of 2nd period - Shot by Anze Kopitar.
4:14 of 2nd period - Stopped by Jake Oettinger with a rebound.
4:18 of 2nd period - Shot by Rasmus Andersson.
4:18 of 2nd period - Stopped by Jake Oettinger without a rebound.
4:19 of 2nd period - Bryan Little wins face-off versus Dawson Mercer in VANCOUVER Canucks zone.
4:39 of 2nd period - Icing by Dominik Kubalik.
4:40 of 2nd period - Tyler Pitlick wins face-off versus Dawson Mercer in LOS ANGELES Kings zone.
6:22 of 2nd period - Anze Kopitar is hit by Nils Lundkvist and loses puck.
6:55 of 2nd period - Mark Stone is hit by Nils Lundkvist and loses puck.
7:37 of 2nd period - Josh Norris is hit by Rasmus Andersson and loses puck.
7:45 of 2nd period - Jakob Silfverberg is hit by Drew Doughty and loses puck.
7:57 of 2nd period - Jakob Silfverberg is hit by Rasmus Andersson and loses puck.
8:10 of 2nd period - Shot by Josh Norris.
8:10 of 2nd period - Stopped by Vitek Vanecek with a rebound.
8:51 of 2nd period - Anze Kopitar is hit by Christopher Tanev and loses puck.
8:52 of 2nd period - Minor Penalty to Radim Simek for Roughing.
8:53 of 2nd period - Dawson Mercer wins face-off versus Tyler Pitlick in VANCOUVER Canucks zone.
9:15 of 2nd period - Icing by Dawson Mercer.
9:16 of 2nd period - Dawson Mercer wins face-off versus Tyler Pitlick in LOS ANGELES Kings zone.
9:31 of 2nd period - Shot by Calle Rosen.
9:31 of 2nd period - Deflect By Dawson Mercer.
9:31 of 2nd period - Shot Misses the Net.
9:44 of 2nd period - Icing by Dawson Mercer.
9:45 of 2nd period - Bryan Little wins face-off versus Dawson Mercer in LOS ANGELES Kings zone.
9:45 of 2nd period - Bryan Little is hit by Hampus Lindholm.
10:04 of 2nd period - Off-side.
10:05 of 2nd period - Tyler Pitlick wins face-off versus Anze Kopitar in neutral zone.
10:53 of 2nd period - Shot by Oskar Sundqvist.
10:53 of 2nd period - Stopped by Jake Oettinger without a rebound.
10:54 of 2nd period - Juuso Parssinen wins face-off versus Oskar Sundqvist in VANCOUVER Canucks zone.
12:03 of 2nd period - Radim Simek is hit by Jonathan Huberdeau and loses puck.
12:35 of 2nd period - Shot by Mark Stone.
12:35 of 2nd period - Stopped by Jake Oettinger without a rebound.
12:36 of 2nd period - Josh Norris wins face-off versus Anze Kopitar in VANCOUVER Canucks zone.
12:56 of 2nd period - Shot by Mitchell Marner.
12:56 of 2nd period - Deflect By Dominik Kubalik.
12:56 of 2nd period - Stopped by Jake Oettinger without a rebound.
12:57 of 2nd period - Anze Kopitar wins face-off versus Mark Kastelic in VANCOUVER Canucks zone.
13:07 of 2nd period - Icing by Nils Lundkvist.
13:08 of 2nd period - Mark Kastelic wins face-off versus Oskar Sundqvist in VANCOUVER Canucks zone.
13:08 of 2nd period - Mark Kastelic is hit by Rem Pitlick.
13:13 of 2nd period - Nils Lundkvist is hit by Carl Grundstrom and loses puck.
13:20 of 2nd period - Shot by Stefan Noesen.
13:20 of 2nd period - Stopped by Vitek Vanecek without a rebound.
13:21 of 2nd period - Josh Norris wins face-off versus Anze Kopitar in LOS ANGELES Kings zone.
15:29 of 2nd period - Shot by Calle Rosen.
15:29 of 2nd period - Shot Misses the Net.
15:32 of 2nd period - Rem Pitlick is hit by Nils Lundkvist and loses puck.
16:10 of 2nd period - Joel Kiviranta is hit by Nils Lundkvist and loses puck.
16:15 of 2nd period - Shot by Rasmus Andersson.
16:15 of 2nd period - Shot Blocked by Victor Mete.
16:17 of 2nd period - Shot by Pierre Engvall.
16:17 of 2nd period - Shot Blocked by Victor Mete.
16:19 of 2nd period - Shot by Anze Kopitar.
16:19 of 2nd period - Shot Misses the Net.
16:25 of 2nd period - Shot by Rasmus Andersson.
16:25 of 2nd period - Shot Misses the Net.
16:27 of 2nd period - Shot by Anze Kopitar.
16:27 of 2nd period - Deflect By Pierre Engvall.
16:27 of 2nd period - Shot Misses the Net.
16:31 of 2nd period - Shot by Anze Kopitar.
16:31 of 2nd period - Shot Misses the Net.
17:04 of 2nd period - Minor Penalty to Jake McCabe for Hooking.
17:05 of 2nd period - Bryan Little wins face-off versus Dawson Mercer in VANCOUVER Canucks zone.
18:10 of 2nd period - Icing by Mitchell Marner.
18:11 of 2nd period - Bryan Little wins face-off versus Anze Kopitar in LOS ANGELES Kings zone.
18:53 of 2nd period - Icing by Hampus Lindholm.
18:54 of 2nd period - Dawson Mercer wins face-off versus Tyler Pitlick in LOS ANGELES Kings zone.
19:27 of 2nd period - Shot by Philip Tomasino.
19:27 of 2nd period - Shot Misses the Net.
19:57 of 2nd period - Dominik Kubalik is hit by Philip Tomasino.
Goals for this period are 0 for VANCOUVER Canucks vs 0 for LOS ANGELES Kings.
Shots for this period are 3 for VANCOUVER Canucks vs 8 for LOS ANGELES Kings.

3rd period


0:01 of 3rd period - Mitchell Marner wins face-off versus Josh Norris in neutral zone.
0:17 of 3rd period - Icing by Rasmus Andersson.
0:18 of 3rd period - Anze Kopitar wins face-off versus Shane Pinto in LOS ANGELES Kings zone.
0:39 of 3rd period - Shot by Anze Kopitar.
0:39 of 3rd period - Shot Misses the Net.
0:55 of 3rd period - Anze Kopitar is hit by Mason Appleton and loses puck.
1:33 of 3rd period - Josh Norris is hit by Marc Staal and loses puck.
2:15 of 3rd period - Teddy Blueger is hit by Marc Staal and loses puck.
2:22 of 3rd period - Shot by Teddy Blueger.
2:22 of 3rd period - Shot Blocked by Hampus Lindholm.
2:24 of 3rd period - Shot by Nils Lundkvist.
2:24 of 3rd period - Shot Hit the Post.
2:40 of 3rd period - Off-side.
2:41 of 3rd period - Shane Pinto wins face-off versus Oskar Sundqvist in neutral zone.
2:47 of 3rd period - Mikhail Sergachev is hit by Marcus Pettersson and loses puck.
2:56 of 3rd period - Shot by Carl Grundstrom.
2:56 of 3rd period - Stopped by Jake Oettinger without a rebound.
2:57 of 3rd period - Anze Kopitar wins face-off versus Mark Kastelic in VANCOUVER Canucks zone.
3:40 of 3rd period - Shot by Anze Kopitar.
3:40 of 3rd period - Shot Misses the Net.
3:42 of 3rd period - Shot by Mitchell Marner.
3:42 of 3rd period - Stopped by Jake Oettinger without a rebound.
3:43 of 3rd period - Oskar Sundqvist wins face-off versus Josh Norris in VANCOUVER Canucks zone.
3:43 of 3rd period - Oskar Sundqvist is hit by Jake McCabe.
3:45 of 3rd period - Shot by Marcus Pettersson.
3:45 of 3rd period - Shot Misses the Net.
3:47 of 3rd period - Shot by Oskar Sundqvist.
3:47 of 3rd period - Stopped by Jake Oettinger without a rebound.
3:48 of 3rd period - Oskar Sundqvist wins face-off versus Josh Norris in VANCOUVER Canucks zone.
3:55 of 3rd period - Shot by Marcus Pettersson.
3:55 of 3rd period - Stopped by Jake Oettinger without a rebound.
3:56 of 3rd period - Oskar Sundqvist wins face-off versus Josh Norris in VANCOUVER Canucks zone.
3:56 of 3rd period - Marcus Pettersson is hit by Jake McCabe.
4:00 of 3rd period - Shot by Rem Pitlick.
4:00 of 3rd period - Stopped by Jake Oettinger without a rebound.
4:01 of 3rd period - Josh Norris wins face-off versus Anze Kopitar in VANCOUVER Canucks zone.
4:05 of 3rd period - Off-side.
4:06 of 3rd period - Anze Kopitar wins face-off versus Josh Norris in neutral zone.
4:09 of 3rd period - Mikhail Sergachev is hit by Dominik Kubalik and loses puck.
4:42 of 3rd period - Shot by Drew Doughty.
4:42 of 3rd period - Shot Misses the Net.
4:53 of 3rd period - Icing by Rasmus Andersson.
4:54 of 3rd period - Anze Kopitar wins face-off versus Shane Pinto in LOS ANGELES Kings zone.
4:54 of 3rd period - Anze Kopitar is hit by Mason Appleton.
5:33 of 3rd period - Shot by Philip Tomasino.
5:33 of 3rd period - Shot Misses the Net.
6:02 of 3rd period - Shot by Teddy Blueger.
6:02 of 3rd period - Shot Blocked by Marc Staal.
6:50 of 3rd period - Off-side.
6:51 of 3rd period - Anze Kopitar wins face-off versus Mark Kastelic in neutral zone.
7:01 of 3rd period - Shot by Stefan Noesen.
7:01 of 3rd period - Shot Misses the Net.
7:47 of 3rd period - Calle Rosen is hit by Mark Kastelic and loses puck.
8:00 of 3rd period - Josh Norris is hit by Oskar Sundqvist and loses puck.
8:34 of 3rd period - Minor Penalty to Pierre Engvall for Slashing.
8:34 of 3rd period - Minor Penalty to Jakob Silfverberg for Tripping.
8:35 of 3rd period - Tyler Pitlick wins face-off versus Anze Kopitar in neutral zone.
9:53 of 3rd period - Shot by Jonathan Huberdeau.
9:53 of 3rd period - Deflect By Dawson Mercer.
9:53 of 3rd period - Shot Misses the Net.
10:26 of 3rd period - Shot by Matt Boldy.
10:26 of 3rd period - Shot Blocked by Rasmus Andersson.
10:28 of 3rd period - Shot by Matt Boldy.
10:28 of 3rd period - Deflect By Bryan Little.
10:28 of 3rd period - Goal by Bryan Little - VANCOUVER Canucks : 4 - LOS ANGELES Kings : 2.
10:29 of 3rd period - Oskar Sundqvist wins face-off versus Bryan Little in neutral zone.
11:48 of 3rd period - Shot by Dawson Mercer.
11:48 of 3rd period - Stopped by Jake Oettinger without a rebound.
11:49 of 3rd period - Anze Kopitar wins face-off versus Josh Norris in VANCOUVER Canucks zone.
11:49 of 3rd period - Mitchell Marner is hit by Christopher Tanev and loses puck.
11:52 of 3rd period - Shot by Mitchell Marner.
11:52 of 3rd period - Shot Hit the Post.
11:54 of 3rd period - Shot by Anze Kopitar.
11:54 of 3rd period - Shot Misses the Net.
11:56 of 3rd period - Shot by Rasmus Andersson.
11:56 of 3rd period - Shot Misses the Net.
11:58 of 3rd period - Shot by Anze Kopitar.
11:58 of 3rd period - Deflect By Mitchell Marner.
11:58 of 3rd period - Shot Misses the Net.
12:13 of 3rd period - Minor Penalty to Radim Simek for Tripping.
12:14 of 3rd period - Dominik Kubalik wins face-off versus Tyler Pitlick in VANCOUVER Canucks zone.
12:41 of 3rd period - Shot by Calle Rosen.
12:41 of 3rd period - Shot Blocked by Jakob Silfverberg.
12:47 of 3rd period - Shot by Hampus Lindholm.
12:47 of 3rd period - Shot Misses the Net.
12:49 of 3rd period - Shot by Hampus Lindholm.
12:49 of 3rd period - Shot Misses the Net.
12:51 of 3rd period - Shot by Hampus Lindholm.
12:51 of 3rd period - Stopped by Jake Oettinger without a rebound.
12:52 of 3rd period - Bryan Little wins face-off versus Anze Kopitar in VANCOUVER Canucks zone.
13:01 of 3rd period - Shot by Anze Kopitar.
13:01 of 3rd period - Shot Blocked by Christopher Tanev.
13:03 of 3rd period - Shot by Mitchell Marner.
13:03 of 3rd period - Stopped by Jake Oettinger without a rebound.
13:04 of 3rd period - Bryan Little wins face-off versus Anze Kopitar in VANCOUVER Canucks zone.
13:04 of 3rd period - Bryan Little is hit by Mitchell Marner.
13:20 of 3rd period - Shot by Mitchell Marner.
13:20 of 3rd period - Stopped by Jake Oettinger without a rebound.
13:21 of 3rd period - Dawson Mercer wins face-off versus Bryan Little in VANCOUVER Canucks zone.
13:22 of 3rd period - Shot by Hampus Lindholm.
13:22 of 3rd period - Stopped by Jake Oettinger with a rebound.
14:42 of 3rd period - Rem Pitlick is hit by Nils Lundkvist and loses puck.
14:51 of 3rd period - Shot by Drew Doughty.
14:51 of 3rd period - Shot Blocked by Victor Mete.
14:53 of 3rd period - Shot by Carl Grundstrom.
14:53 of 3rd period - Shot Misses the Net.
15:42 of 3rd period - Shot by Mikhail Sergachev.
15:42 of 3rd period - Shot Misses the Net.
15:44 of 3rd period - Shot by Mikhail Sergachev.
15:44 of 3rd period - Deflect By Bryan Little.
15:44 of 3rd period - Stopped by Vitek Vanecek without a rebound.
15:45 of 3rd period - Dawson Mercer wins face-off versus Josh Norris in LOS ANGELES Kings zone.
16:06 of 3rd period - Shot by Mikhail Sergachev.
16:06 of 3rd period - Shot Misses the Net.
16:32 of 3rd period - Jake McCabe is hit by Marcus Pettersson and loses puck.
16:46 of 3rd period - Dawson Mercer is hit by Radim Simek.
16:51 of 3rd period - Christopher Tanev is hit by Marcus Pettersson and loses puck.
17:09 of 3rd period - Icing by Drew Doughty.
17:10 of 3rd period - Shane Pinto wins face-off versus Anze Kopitar in LOS ANGELES Kings zone.
17:31 of 3rd period - Shot by Mitchell Marner.
17:31 of 3rd period - Shot Blocked by Shane Pinto.
17:33 of 3rd period - Shot by Anze Kopitar.
17:33 of 3rd period - Shot Misses the Net.
17:53 of 3rd period - Shot by Mitchell Marner.
17:53 of 3rd period - Stopped by Jake Oettinger without a rebound.
17:54 of 3rd period - Oskar Sundqvist wins face-off versus Juuso Parssinen in VANCOUVER Canucks zone.
18:51 of 3rd period - Carl Grundstrom is hit by Jake McCabe and loses puck.
19:09 of 3rd period - Shot by Pierre Engvall.
19:09 of 3rd period - Shot Misses the Net.
19:11 of 3rd period - Shot by Pierre Engvall.
19:11 of 3rd period - Shot Misses the Net.
19:13 of 3rd period - Shot by Drew Doughty.
19:13 of 3rd period - Stopped by Jake Oettinger with a rebound.
19:53 of 3rd period - Off-side.
19:54 of 3rd period - Dawson Mercer wins face-off versus Mark Kastelic in neutral zone.
Goals for this period are 1 for VANCOUVER Canucks vs 0 for LOS ANGELES Kings.
Shots for this period are 2 for VANCOUVER Canucks vs 12 for LOS ANGELES Kings. Output by the SimonT Hockey Simulator (STHS) for Martin Benoit - Original Page W3C HTML5 Valid
Hockey Simulator - Hockey Simulation - Hockey Manager